 Dungeon Crawl Stone Soup version 0.29-a0-275-g389c0b56f3 (webtiles) character file.

Game seed: 11714780615609321354

59 siradein the Bolt Thrower (level 4, -2/38 HPs)
             Began as a Hill Orc Hunter on Mar 10, 2022.
             Slain by a gnoll
             ... wielding a +0 club
              (8 damage)
             ... on level 2 of the Dungeon.
             The game lasted 00:03:02 (1227 turns).

siradein the Bolt Thrower (Hill Orc Hunter)         Turns: 1227, Time: 00:03:02

Health: -2/38      AC:  7    Str: 14    XL:     4   Next: 3%
Magic:  4/4        EV: 12    Int: 11    God:
Gold:   127        SH:  0    Dex: 13    Spells: 3/3 levels left

rFire   . . .      SeeInvis .   a - +1 hand crossbow
rCold   . . .      Faith    .   (no shield)
rNeg    . . .      Spirit   .   b - +0 leather armour
rPois   .          Reflect  .   (no helmet)
rElec   .          Harm     .   (no cloak)
rCorr   .          Rampage  .   (no gloves)
Will    .....                   (no boots)
Stlth   +.........              (no amulet)
HPRegen 0.12/turn               j - +4 ring of protection
MPRegen 0.09/turn               (no ring)

@: no status effects
A: no striking features
a: no special abilities


You were on level 2 of the Dungeon.
You visited 1 branch of the dungeon, and saw 2 of its levels.

You collected 127 gold pieces.

Inventory:

Hand Weapons
 a - a +1 hand crossbow (weapon)
Armour
 b - a +0 leather armour (worn)
Jewellery
 j - a +4 ring of protection (left hand)
 k - a ring of fire
Scrolls
 c - a scroll of immolation
 d - 2 scrolls of teleportation {unknown}
 e - a scroll of identify {unknown}
 f - a scroll of amnesia {unknown}
 h - a scroll of torment {unknown}
Potions
 g - a potion of degeneration {unknown}
 i - 2 potions of invisibility {unknown}


   Skills:
 + Level 3.2 Fighting
 * Level 4.0 Crossbows
 + Level 1.6 Armour
 + Level 2.1 Dodging
 - Level 0.7 Stealth


You had 3 spell levels left.
You didn't know any spells.
Your spell library contained the following spells:

 Spells                   Type           Power      Damage    Failure   Level
 Conjure Flame            Conj/Fire      0%         6-21      78%         3
 Ignite Poison            Fire/Tmut/Pois 0%         N/A       78%         3
 Sticky Flame             Conj/Fire      0%         2d3       99%         4


Dungeon Overview and Level Annotations

Branches:
Dungeon (2/15)

Altars:


Message History

A gnoll comes into view. It is wielding a +0 whip.
You shoot a bolt. The bolt hits the gnoll.
The gnoll is heavily wounded.
A bat comes into view.
A gnoll comes into view. It is wielding a +0 halberd.
You shoot a bolt. The bolt barely misses the gnoll.
The bat barely misses you. The bat closely misses you.
You shoot a bolt. The bolt barely misses the bat.
The bat barely misses you. The bat hits you.
You shoot a bolt. The bolt hits the bat.
The bat is severely wounded.
The bat barely misses you. The gnoll closely misses you.
You shoot a bolt. The bolt hits the gnoll.
The gnoll is moderately wounded.
The gnoll barely misses you. The gnoll hits you with a +0 whip.
The gnoll hits you from afar with a +0 halberd!
You shoot a bolt. The bolt closely misses the gnoll.
The bolt hits the bat.
You kill the bat!
The gnoll barely misses you. The gnoll misses you.
You shoot a bolt. The bolt hits the gnoll.
The gnoll is severely wounded.
The gnoll closely misses you.
The gnoll hits you from afar with a +0 halberd!
You are too injured to fight recklessly!
The gnoll attacks as you move away! The gnoll barely misses you.
The gnoll attacks as you move away! The gnoll hits you but does no damage.
The gnoll attacks as you move away! The gnoll hits you with a +0 whip.
* * * LOW HITPOINT WARNING * * *
You see here a +0 chain mail.
The gnoll closely misses you. The gnoll hits you but does no damage.
The gnoll hits you from afar with a +0 halberd.
* * * LOW HITPOINT WARNING * * *
The gnoll attacks as you move away! The gnoll closely misses you.
The gnoll attacks as you move away! The gnoll misses you.
The gnoll attacks as you move away! The gnoll hits you with a +0 club.
* * * LOW HITPOINT WARNING * * *
The gnoll attacks as you move away! The gnoll hits you but does no damage.
The gnoll attacks as you move away! The gnoll hits you but does no damage.
The gnoll attacks as you move away! The gnoll hits you with a +0 club!
You die...

##### #...# #...# #####
######...#################...#
.............ggg@............#
....##...#################...#
......#### #...# ......# #...#
......# #...#### ...[..#
#....... .....## #....##.
......# #....# ##....#
###..###


You could see 3 gnolls.

Vanquished Creatures
  2 adders (D:2)
  A dart slug (D:1)
  2 ball pythons
  5 endoplasms (D:1)
  4 giant cockroaches (D:1)
  4 goblins (D:1)
  5 hobgoblins
  5 bats
  3 frilled lizards (D:1)
  3 kobolds (D:1)
  3 rats (D:1)
37 creatures vanquished.

Notes
Turn   | Place    | Note
-------+----------+-------------------------------------------
     0 | D:1      | siradein the Hill Orc Hunter began the quest for the Orb.
     0 | D:1      | Reached XP level 1. HP: 18/18 MP: 1/1
   136 | D:1      | Reached XP level 2. HP: 24/25 MP: 2/2
   254 | D:1      | Reached skill level 1 in Armour
   418 | D:1      | Reached XP level 3. HP: 23/30 MP: 3/3
   797 | D:1      | Found a faded altar of an unknown god.
   887 | D:2      | Reached skill level 4 in Crossbows
  1115 | D:2      | Reached XP level 4. HP: 34/38 MP: 4/4
  1227 | D:2      | Slain by a gnoll

Illustrated notes

Levels and vault maps discovered:
D:1:      sevenhm_arrival_forest_fort_small_5, layout_rooms,
          shapermc_ecumenical_altar_notcrosses, palyth_stone_intersect,
          minmay_quantized
D:2:      cheibrodos_pilgrimage, layout_basic, basic_altar,
          uniq_crazy_yiuf_cottage

Skill      XL: |  1  2  3 |
---------------+----------+-----
Armour         | 1 |  1.6
Fighting       | 3 |  3.2
Dodging        | 2 |  2.1
Crossbows      | 4 |  4.0
Stealth        | |  0.7

Action                   |  1- 3 |  4- 6 || total
-------------------------+-------+-------++-------
 Fire: Hand crossbow     |   103 |     8 ||   111
Armor: Leather armour    |    16 |     4 ||    20
Dodge: Dodged            |    33 |    13 ||    46

Table legend: (Time is in decaauts)
 A = Elapsed time spent in this place.
 B = Non-inter-level travel time spent in this place.
 C = Inter-level travel time spent in this place.
 D = Time resting spent in this place.
 E = Time spent auto-exploring this place.
 F = Levels seen in this place.
 G = Mean time per level.
                   A        B        C        D        E       F      G
               +--------+--------+--------+--------+--------+-----+--------+
         Total |   1265 |   1226 |     39 |    192 |    800 |   2 |  632.5 |
       Dungeon |   1265 |   1226 |     39 |    192 |    800 |   2 |  632.5 |
               +--------+--------+--------+--------+--------+-----+--------+

Top non-repeatable levels by time:
     D:1: 884 daAuts
     D:2: 381 daAuts
